 Dungeon Crawl Stone Soup version 0.29.1-12-g30fa7ad0bf (webtiles) character file.

Game seed: 9751419107212444518

5112 Gabide the Fighter (level 10, 0/85 HPs)
             Began as a Mummy Berserker on Dec 22, 2022.
             Was an Elder of Trog.
             Killed from afar by an acid dragon (32 damage)
             ... with a splash of acid
             ... on level 8 of the Dungeon.
             The game lasted 00:16:04 (10133 turns).

Gabide the Fighter (Mummy Berserker)               Turns: 10133, Time: 00:16:05

Health: 0/85       AC:  6    Str: 25    XL:     10   Next: 32%
Magic:  19/19      EV: 13    Int:  7    God:    Trog [****..]
Gold:   458        SH:  0    Dex: 11    Spells: 9/9 levels left

rFire   x . .      SeeInvis .   d - +5 dagger (elec)
rCold   + . .      Faith    .   (no shield)
rNeg    + + +      Spirit   .   o - +1 ring mail
rPois   ∞          Reflect  .   v - +0 helmet
rElec   .          Harm     .   (no cloak)
rCorr   .          Rampage  .   e - +2 pair of gloves
Will    +....                   (no boots)
Stlth   +.........              (no amulet)
HPRegen 0.24/turn               m - ring of magical power
MPRegen 0.16/turn               (no ring)

@: corroded
A: cold resistance 1, negative energy resistance 3, torment resistance 2, heat
vulnerability 1, in touch with death 1, no potions
a: Renounce Religion, Trog's Hand, Brothers in Arms


You were on level 8 of the Dungeon.
You worshipped Trog.
Trog was greatly pleased with you.
You visited 1 branch of the dungeon, and saw 8 of its levels.

You collected 458 gold pieces.

Inventory:

Hand Weapons
 d - a +5 dagger of electrocution (weapon)
 w - a +4 scimitar of flaming
Missiles
 i - 3 javelins (quivered)
Armour
 e - a +2 pair of gloves (worn)
 o - a +1 ring mail (worn)
 v - a +0 helmet (worn)
Jewellery
 m - a ring of magical power (left hand)
Wands
 n - a wand of polymorph (1)
 r - a wand of paralysis (5)
 s - a wand of roots (21)
 t - a wand of mindburst (6)
Scrolls
 a - 2 scrolls of magic mapping
 b - 3 scrolls of teleportation
 c - 2 scrolls of poison
 f - a scroll of silence
 h - a scroll of butterflies {unknown}
 j - a scroll of vulnerability
 k - a scroll of immolation {unknown}
 l - 2 scrolls of noise {unknown}
 p - a scroll of amnesia {unknown}
 q - 2 scrolls of brand weapon {unknown}
 u - a scroll of fear


   Skills:
 * Level 10.3 Fighting
 - Level 1.5 Armour
 + Level 5.9 Dodging
 * Level 8.5 Unarmed Combat


You had 9 spell levels left.
You didn't know any spells.
Your spell library was empty.

Dungeon Overview and Level Annotations

Branches:
Dungeon (8/15)             Temple (0/1) D:7
   Lair: D:8-11

Altars:
Ashenzari
Dithmenos
Makhleb
Sif Muna
Uskayaw
Vehumet
Xom

Shops:
D:2 (   D:7 (

Annotations:
D:4 2 transporters, matvey144's ghost, amateur GrFi


Innate Abilities, Weirdness & Mutations

You are immune to poison.
Your flesh is cold resistant. (rC+)
You are immune to negative energy. (rN+++)
You are immune to unholy pain and torment.
You are vulnerable to heat. (rF-)
You are in touch with the powers of death.
You do not drink.


Message History

The acid dragon claws you but does no damage.
You hit the acid dragon.
The acid dragon is lightly wounded.
The acid dragon spits acid at you. The splash of acid hits you!!
The acid corrodes you!
You are too injured to fight recklessly!
You are too injured to fight recklessly!
You are too injured to fight recklessly!
You are too injured to fight recklessly!
You are too injured to fight recklessly!
You are too injured to fight recklessly!
You are too injured to fight recklessly!
You are too injured to fight recklessly!
You are too injured to fight recklessly!
You are too injured to fight recklessly!
You are too injured to fight recklessly!
You are too injured to fight recklessly!
You are too injured to fight recklessly!
You are too injured to fight recklessly!
You are too injured to fight recklessly!
Aiming: Bolt of Light
Press: ? - help, Shift-Dir - straight line, f - acid dragon
Aim: an acid dragon (lightly wounded, catching its breath, 71% to hit)
The bolt of light hits the acid dragon!
The acid dragon is moderately wounded.
The acid dragon is blinded.
The now-empty wand crumbles to dust.
The acid dragon barely misses you. The acid dragon completely misses you.
You hit the acid dragon.
The acid dragon is moderately wounded.
The acid dragon misses you. The acid dragon closely misses you.
You catch the helpless acid dragon completely off-guard!
You hit the acid dragon but do no damage.
The acid dragon is moderately wounded.
The acid dragon misses you. The acid dragon claws you.
You strike the helpless acid dragon from behind!
You hit the acid dragon.
The acid dragon is heavily wounded.
The acid dragon spits acid at you. The splash of acid hits you!!
You die...

#.# #.# ##.#
#..# # ##..#
######...##
###.......##
.#........##
#..##@##..###
## #D###.#!#
..# #.#.##..#
####
#.)..!..+
#.#..##.#
#.#..#
#.########
#........##
#######...##


You could see an acid dragon (blind, catching breath).

Vanquished Creatures
  A two-headed ogre (D:8)
  Erica (D:8)
  Pikel (D:4)
  Grinder (D:6)
  Sigmund (D:6)
  Eustachio (D:5)
  Menkaure (D:4)
  A water moccasin (D:6)
  An orc warrior (D:8)
  2 black bears
  An ogre (D:6)
  2 wolves
  A centaur (D:7)
  2 phantoms (D:4)
  A lemure (D:4)
  A kobold brigand (D:8)
  2 bullfrogs
  2 necrophages (D:5)
  3 scorpions
  10 wights
  A crimson imp (D:6)
  2 hounds
  2 jellies
  3 orc priests
  2 iguanas (D:5)
  4 orc wizards
  Ijyb (D:3)
  Terence (D:3)
  7 gnolls (D:3)
  6 adders
  2 shadow imps (D:7)
  5 white imps
  3 ufetubi
  A worm (D:3)
  19 orcs
  11 ball pythons
  6 bats
  7 endoplasms
  A giant cockroach (D:1)
  4 goblins
  9 hobgoblins
  7 jackals
  2 quokkas
  8 frilled lizards
  14 kobolds
  4 rats
168 creatures vanquished.

Vanquished Creatures (collateral kills)
  Grum (D:8)
  A wolf (D:8)
  2 orc priests (D:8)
  An orc (D:8)
5 creatures vanquished.

Vanquished Creatures (others)
  5 fungi (D:4)
  3 toadstools (D:4)
8 creatures vanquished.

Grand Total: 181 creatures vanquished

Notes
Turn   | Place    | Note
-------+----------+-------------------------------------------
     0 | D:1      | Gabide the Mummy Berserker began the quest for the Orb.
     0 | D:1      | Reached XP level 1. HP: 18/18 MP: 1/1
    79 | D:1      | Reached XP level 2. HP: 12/24 MP: 2/2
   933 | D:1      | Reached ** piety under Trog
  1009 | D:1      | Gained mutation: You are in touch with the powers of death.
                  | [Mummy growth]
  1009 | D:1      | Reached XP level 3. HP: 29/29 MP: 3/3
  1455 | D:2      | Found Eghy Fau's Antique Weapon Shop.
  2136 | D:3      | Noticed Ijyb
  2144 | D:3      | Killed Ijyb
  2144 | D:3      | Reached *** piety under Trog
  2145 | D:3      | Reached skill level 4 in Fighting
  2145 | D:3      | Reached XP level 4. HP: 37/37 MP: 4/4
  2494 | D:3      | Found a broken altar of Ashenzari.
  2520 | D:3      | Found a shimmering blue altar of Sif Muna.
  2538 | D:3      | Found a hide-covered altar of Uskayaw.
  2556 | D:3      | Reached XP level 5. HP: 39/42 MP: 5/5
  2964 | D:3      | Found a shimmering altar of Xom.
  2966 | D:3      | Found a shimmering altar of Xom.
  2966 | D:3      | Found a shimmering altar of Xom.
  2966 | D:3      | Found a shimmering altar of Xom.
  2967 | D:3      | Found a shimmering altar of Xom.
  2968 | D:3      | Found a shimmering altar of Xom.
  3089 | D:3      | Noticed Terence
  3092 | D:3      | Killed Terence
  3274 | D:4      | Noticed a phantom
  3328 | D:4      | Killed a phantom
  3329 | D:4      | Reached skill level 5 in Fighting
  3329 | D:4      | Reached XP level 6. HP: 51/51 MP: 6/6
  4274 | D:4      | Reached XP level 7. HP: 50/57 MP: 7/7
  4449 | D:4      | Found a transporter.
  4451 | D:4      | Noticed matvey144's ghost (amateur GrFi)
  4455 | D:4      | Found a transporter.
  4572 | D:4      | Noticed Menkaure
  4583 | D:4      | Killed Menkaure
  4850 | D:5      | Entered Level 5 of the Dungeon
  4948 | D:5      | Reached skill level 6 in Fighting
  4948 | D:5      | Reached skill level 5 in Unarmed Combat
  5097 | D:5      | Noticed Eustachio
  5100 | D:5      | Noticed Dowan
  5101 | D:5      | Noticed Duvessa
  5110 | D:5      | Killed Eustachio
  5132 | D:5      | Noticed Dowan
  5132 | D:5      | Dowan changed into Dowan the jelly
  5147 | D:5      | Noticed Duvessa
  5147 | D:5      | Duvessa changed into Duvessa the ball python
  5149 | D:5      | Killed Duvessa the ball python
  5150 | D:5      | Reached XP level 8. HP: 23/65 MP: 8/8
  5159 | D:5      | Killed Dowan the jelly
  6581 | D:4      | Noticed Pikel
  6597 | D:4      | Killed Pikel
  6598 | D:4      | Reached skill level 7 in Fighting
  6754 | D:6      | Noticed Sigmund
  6772 | D:6      | Killed Sigmund
  6810 | D:6      | Reached skill level 8 in Fighting
  6861 | D:6      | Reached XP level 9. HP: 56/74 MP: 9/9
  7127 | D:6      | Noticed Grinder
  7138 | D:6      | Killed Grinder
  7454 | D:6      | Reached skill level 5 in Dodging
  7841 | D:6      | Found a radiant altar of Vehumet.
  7842 | D:6      | Found a burning altar of Makhleb.
  8215 | D:7      | Found a staircase to the Ecumenical Temple.
  8383 | D:7      | Found Viphiwod's Antique Weapon Boutique.
  8523 | D:7      | Reached skill level 9 in Fighting
  8963 | D:8      | Noticed Grum
  8968 | D:8      | Noticed Erica
  8980 | D:8      | Killed Grum
  9281 | D:8      | Reached **** piety under Trog
  9602 | D:8      | Noticed a two-headed ogre
  9607 | D:8      | Found a shadowy altar of Dithmenos.
  9613 | D:8      | Killed a two-headed ogre
  9614 | D:8      | Reached XP level 10. HP: 85/85 MP: 10/10
  9657 | D:8      | Killed Erica
  9658 | D:8      | Reached skill level 10 in Fighting
 10133 | D:8      | Killed from afar by an acid dragon

Illustrated notes

Levels and vault maps discovered:
D:1:      spicycebolla_arrival_ecumenical, layout_loops_corners, serial_forest,
          infiniplex_forest_end_1, infiniplex_forest_lined_room_2,
          infiniplex_forest_corner_1, infiniplex_forest_clump_diagonal,
          infiniplex_forest_clump_curved, minmay_lizard_pond
D:2:      layout_loops_ring, serial_shops, nicolae_shop_stone,
          kennysheep_generic_room_8
D:3:      layout_rooms, xom_redecorated, mainiacjoe_overflow_large_starburst,
          ashenzari_altar_1, uniq_terence, uniq_ijyb
D:4:      layout_basic, gammafunk_ghost_abyssal_escape, nicolae_eternal_life,
          kennysheep_doodads, minmay_gold_behind_fungi, roderic_roman_lattice,
          uniq_menkaure, uniq_pikel
D:5:      layout_basic, uniq_duvessa, uniq_eustachio
D:6:      layout_loops_cross, grunt_temple_overflow_lords_of_destruction,
          st_stairs_14, dreamdust_princess_bridge, uniq_grinder, uniq_sigmund
D:7:      layout_basic, minmay_temple_entry_waves, serial_shops, shop
D:8:      minmay_the_grid_octo_tiled_squarecenter
          [minmay_the_grid_octo_checkered, minmay_the_grid_octo_empty,
          minmay_the_grid_octo_clover, minmay_the_grid_octo_checkerflower,
          minmay_the_grid_square_5x5_megaprize_hollow,
          minmay_the_grid_square_5x5_pentomino_r, minmay_the_grid_square_5x5_z,
          minmay_the_grid_square_5x5_c,
          minmay_the_grid_square_5x5_intrusive_squares], layout_loops_cross,
          grunt_dithmenos_smoke, grunt_ministairs_5, reono_crystal_passage,
          hangedman_decor_push, serial_park_tiny_1, uniq_erica, uniq_grum

Skill      XL: |  1  2  3  4  5  6  7  8  9 10 |
---------------+-------------------------------+-----
Dodging        | 2 3 4 5 |  5.9
Unarmed Combat | 3 4 5 6 8 |  8.5
Fighting       | 4 5 6 8 9 10 | 10.3
Armour         | |  1.5

Action                   |  1- 3 |  4- 6 |  7- 9 | 10-12 || total
-------------------------+-------+-------+-------+-------++-------
Melee: Unarmed           |    49 |       |       |       ||    49
       Punch             |     4 |     2 |    13 |     3 ||    22
       Dagger            |   114 |   140 |   289 |    48 ||   591
Throw: Javelin           |       |    11 |    27 |       ||    38
Invok: Trog's Hand       |       |     2 |     7 |     1 ||    10
Evoke: Wand              |       |       |    16 |     6 ||    22
  Use: Scroll            |       |    10 |     7 |     2 ||    19
 Stab: Paralysed         |       |       |     7 |     5 ||    12
       Invisible         |       |       |       |     2 ||     2
Armor: Animal skin       |     9 |       |       |       ||     9
       Leather armour    |    44 |       |       |       ||    44
       Ring mail         |       |    47 |   115 |    16 ||   178
Dodge: Dodged            |    96 |    93 |   174 |    21 ||   384
